 Dungeon Crawl Stone Soup version 0.14-a0-1876-g927fc3a (webtiles) character file.

799 Jenx the Cleaver (level 7, -7/57 HPs)
             Began as a Minotaur Fighter on Jan 14, 2014.
             Killed from afar by Jenx's ghost (20 damage)
             ... with an orb of energy
             ... on Level 5 of the Dungeon.
             The game lasted 00:08:27 (3452 turns).

Jenx the Cleaver (Minotaur Fighter)                 Turns: 3452, Time: 00:08:28

HP  -7/57        AC  8     Str 20      XL: 7   Next: 20%
MP   3/3         EV  6     Int  5      God:
Gold 186         SH 19     Dex 12      Spells:  0 memorised,  6 levels left

rFire  . . .     SeeInvis +     a - +0 hand axe
rCold  . . .     Clarity  .     b - +0 scale mail
rNeg   . . .     Conserve .     c - +0 shield
rPois  .         rCorr    .     (helmet restricted)
rElec  .         rRot     .     (no cloak)
SustAb . .       Spirit   .     s - +0 pair of gloves
rMut   .         Warding  .     (no boots)
Saprov . . .     Stasis   .     (no amulet)
MR     .....                    (no ring)
                                l - ring of see invisible

@: not resistant to hostile enchantments, extremely unstealthy
A: retaliatory headbutt, horns 2
a: no special abilities


You were on level 5 of the Dungeon.
You were not hungry.

You visited 2 branches of the dungeon, and saw 6 of its levels.

You collected 186 gold pieces.

Inventory:

Hand weapons
 a - a +0,+0 hand axe (weapon)
 n - a cursed -3,-3 short sword
Missiles
 m - 4 poisoned darts
 q - 20 darts of flame (quivered)
Armour
 b - a +0 scale mail (worn)
 c - a +0 shield (worn)
 s - a +0 pair of gloves (worn)
Magical devices
 y - a wand of slowing (10)
Comestibles
 d - 2 bread rations
 o - a choko
 w - a meat ration
 x - a chunk of giant gecko flesh
 C - 2 apples
Scrolls
 e - 6 scrolls of identify
 g - 2 scrolls of teleportation
 h - a scroll of blinking {unknown}
 k - 2 scrolls of amnesia {unknown}
 p - a scroll of noise {unknown}
 r - a scroll of enchant weapon II {unknown}
 t - a scroll of magic mapping {unknown}
 E - a scroll of curse armour {unknown}
 F - a scroll of enchant armour {unknown}
Jewellery
 l - a ring of see invisible (left hand)
Potions
 f - a potion of lignification {unknown}
 i - 5 potions of curing
 j - 2 potions of might {unknown}
 u - a potion of confusion {unknown}
 v - a potion of cure mutation {unknown}
 z - a potion of heal wounds {unknown}
 D - a potion of berserk rage {unknown}


   Skills:
 - Level 3.6 Fighting
 * Level 9.6 Axes
 - Level 3.6 Armour
 - Level 3.6 Shields


You had 6 spell levels left.
You didn't know any spells.

Dungeon Overview and Level Annotations

Branches:
Dungeon (5/16)             Temple (1/1) D:4

Altars:
Ashenzari
Elyvilon
Kikubaaqudgha
Makhleb
Xom
Yredelemnul
Zin
the Shining One

Shops:
D:4 [

Annotations:
D:5 Jenx's ghost, average DECj


Innate Abilities, Weirdness & Mutations

You reflexively headbutt those who attack you in melee.
You have a pair of horns on your head.


Message History

Jenx's ghost hits you but does no damage.
You closely miss Jenx's ghost. Your headbutt misses Jenx's ghost.
Jenx's ghost is lightly damaged.
Jenx's ghost hits you.
* * * LOW HITPOINT WARNING * * *
You hit Jenx's ghost but do no damage.
Jenx's ghost is lightly damaged.
You hit Jenx's ghost.
Jenx's ghost is moderately damaged.
Jenx's ghost casts a spell at you. The magic dart hits you!
* * * LOW HITPOINT WARNING * * *
You hit Jenx's ghost.
Jenx's ghost is moderately damaged.
You block Jenx's ghost's attack.
Drink which item? (? for menu, Esc to quit)
You feel better.
It was a potion of curing.
Jenx's ghost points at you and mumbles some strange words.
The orb of energy hits you!
You die...

#.# ##.## #...#
#####...###
###.........#
.............#
##..........#
#..........####.####
............@p.......
......#.#..####.###.
...#.......
.###..#.### ##...#
.##.# . #.. ... #


You could see Jenx's ghost.

Vanquished Creatures
  A phantom (D:4)
  An ogre (D:4)
  The ghost of miro the Magician, an average HEWz (D:3)
  An orc priest (D:4)
  A scorpion (D:4)
  3 orc wizards (D:4)
  2 worker ants
  An ogre skeleton (D:4)
  A hound skeleton (D:4)
  6 adders
  A giant mite (D:1)
  2 worms
  3 giant geckos
  2 oozes
  8 orcs (D:4)
  13 bats
  A bat skeleton (D:5)
  6 goblins
  8 hobgoblins
  9 kobolds
  3 quokkas
  2 giant cockroaches
  A giant gecko skeleton (D:4)
  2 giant newts
  4 jackals (D:1)
  9 rats
92 creatures vanquished.

Notes
Turn   | Place    | Note
--------------------------------------------------------------
     0 | D:1      | Jenx, the Minotaur Fighter, began the quest for the Orb.
     0 | D:1      | Reached XP level 1. HP: 19/19 MP: 1/1
   242 | D:1      | Reached XP level 2. HP: 26/26 MP: 1/1
   513 | D:1      | Reached skill level 4 in Axes
   532 | D:1      | Reached XP level 3. HP: 31/31 MP: 2/2
   918 | D:2      | Reached skill level 5 in Axes
  1008 | D:2      | Reached XP level 4. HP: 37/39 MP: 2/2
  1520 | D:3      | Noticed miro's ghost (average HEWz)
  1534 | D:3      | Killed miro's ghost
  1534 | D:3      | Reached skill level 6 in Axes
  1534 | D:3      | Reached XP level 5. HP: 23/45 MP: 2/2
  2173 | D:3      | Reached skill level 7 in Axes
  2433 | D:4      | Found a staircase to the Ecumenical Temple.
  2439 | Temple   | Entered the Ecumenical Temple
  2547 | D:4      | Reached XP level 6. HP: 51/51 MP: 3/3
  2779 | D:4      | Reached skill level 8 in Axes
  3084 | D:4      | Noticed an ogre
  3096 | D:4      | Killed an ogre
  3096 | D:4      | Reached skill level 9 in Axes
  3186 | D:4      | Noticed a phantom
  3203 | D:4      | Killed a phantom
  3203 | D:4      | Reached XP level 7. HP: 54/57 MP: 3/3
  3227 | D:4      | Found Jierom's Armour Shop.
  3365 | D:5      | Entered Level 5 of the Dungeon
  3428 | D:5      | Noticed Jenx's ghost (average DECj)
  3452 | D:5      | Killed from afar by Jenx's ghost

Action                   |  1- 3 |  4- 6 |  7- 9 || total
-------------------------+-------+-------+-------++-------
Melee: Hand axe          |    87 |   190 |    36 ||   313
Throw: Dart              |       |    10 |       ||    10
Evoke: Wand              |       |     1 |       ||     1
  Use: Scroll            |       |     1 |       ||     1
       Potion            |       |       |     1 ||     1
